AoeStats
← Le Duckling

Black Forest

509457706Analyzed
3v3 RM · 4d ago on Sep 26, 2026· 39m 14s· 6 players
Game mode
Random Map
Map size
Normal (6 player)
Population
200
Speed
Normal
Resources
Standard
Victory
Conquest
Starting age
Dark Age
Ending age
Imperial Age
RankedLock teamsTeams togetherTeam positionsShared explorationLock speedFull tech treeHidden civsTurbo modeCheats
Victory
Defeat
🇵🇪 Italians · Peru
1199
+14
🇵🇪 Portuguese · Peru
1171
+15
🇵🇪 Japanese · Peru
1161
+16
🇳🇱 Khmer · Netherlands
1218
-17
🇿🇦 Byzantines · South Africa
1193
-17
🇳🇱 Chinese · Netherlands
1066
-11
lgp1991
0:47 Loom
14:12 Feudal Age
19:33 Castle Age
17:24 Double-Bit Axe
17:32 Gold Mining
18:03 Horse Collar
19:27 Fishing Lines
21:21 Bow Saw
21:36 Town Watch
23:20 Wheelbarrow
27:21 Fletching
27:01 Crossbowman
28:34 Thumb Ring
28:48 Padded Archer Armor
29:46 Bodkin Arrow
30:01 Forging
33:45 Hand Cart
33:59 Leather Archer Armor
34:20 Iron Casting
35:41 Bloodlines
35:32 Husbandry
38:33 Imperial Age
36:45 Ballistics
39:23 Bracer
39:53 Ring Archer Armor
Licpolu
0:27 Loom
12:11 Feudal Age
13:49 Double-Bit Axe
16:45 Castle Age
18:31 Fishing Lines
19:08 Horse Collar
21:43 Bow Saw
22:10 Gillnets
24:08 Bow Saw
24:06 Heavy Plow
25:52 Fletching
26:41 Gold Mining
27:28 Wheelbarrow
31:00 Imperial Age
29:33 Bodkin Arrow
31:00 Ballistics
30:53 Elite Skirmisher
31:39 Thumb Ring
31:36 Padded Archer Armor
32:43 Chemistry
31:24 Treadmill Crane
32:31 Bracer
32:46 Leather Archer Armor
35:52 Ring Archer Armor
35:53 Caravan
36:16 Conscription
36:16 Silk Road
37:54 Crop Rotation
Mine Grote
12:04 Feudal Age
15:57 Castle Age
14:01 Double-Bit Axe
14:29 Fishing Lines
16:22 Wheelbarrow
17:27 Bow Saw
18:25 Horse Collar
19:11 Stone Mining
21:26 Gillnets
22:29 Heavy Plow
23:40 Hand Cart
27:39 Imperial Age
25:24 Scale Mail Armor
25:31 Pikeman
26:14 Squires
26:27 Gold Mining
27:42 Forging
28:49 Conscription
30:07 Two-Man Saw
28:34 Halberdier
29:17 Arson
30:31 Gold Shaft Mining
30:41 Kataparuto
31:30 Chain Mail Armor
33:32 Gambesons
34:55 Town Watch
34:56 Loom
36:25 Plate Mail Armor
36:30 Iron Casting
35:46 Man-at-Arms
37:14 Long Swordsman
37:42 Two-Handed Swordsman
39:11 Champion
stupidspanky
1:03 Loom
12:32 Feudal Age
16:00 Double-Bit Axe
18:53 Castle Age
18:14 Horse Collar
21:51 Heavy Plow
26:51 Gold Mining
26:55 Stone Mining
27:43 Wheelbarrow
27:35 Bow Saw
27:23 Fletching
28:46 Hand Cart
28:50 Bodkin Arrow
28:56 Padded Archer Armor
29:00 Town Watch
30:58 Leather Archer Armor
31:58 Thumb Ring
35:58 Imperial Age
36:04 Imperial Age
35:18 Ballistics
36:55 Bracer
38:01 Chemistry
37:28 Elite Skirmisher
38:31 Elite Chu Ko Nu
Wilko
1:44 Loom
13:04 Feudal Age
13:53 Double-Bit Axe
14:38 Horse Collar
19:58 Castle Age
19:15 Wheelbarrow
21:30 Wheelbarrow
21:56 Heavy Plow
24:11 Husbandry
24:20 Town Watch
26:32 Bloodlines
26:42 Scale Barding Armor
27:39 Forging
27:41 Fletching
33:36 Chain Barding Armor
34:21 Light Cavalry
35:16 Gold Mining
35:17 Stone Mining
35:51 Hand Cart
Le Duckling
4:42 Loom
11:35 Feudal Age
12:58 Horse Collar
13:04 Double-Bit Axe
16:14 Fishing Lines
18:26 Wheelbarrow
21:47 Castle Age
21:00 Gold Mining
21:00 Stone Mining
22:52 Bow Saw
24:00 Hand Cart
24:37 Gillnets
26:51 Fletching
27:01 Padded Archer Armor
27:13 Padded Archer Armor
28:56 Heavy Plow
31:22 Bodkin Arrow
31:42 Leather Archer Armor
32:17 Elite Skirmisher
37:58 Imperial Age
36:25 Ballistics
Connection lost

Rejoining the realm…

Still unreachable

The connection could not be restored.

Session expired

The server has moved on; the page needs a fresh start.